 Dungeon Crawl Stone Soup version 0.31-a0-854-g362426d53f (webtiles) character file.

Game seed: 16427319290666613431

53 Azuregosa the Vexing (level 4, 0/3 HPs)
             Began as a Meteoran Hexslinger on Oct 8, 2023.
             Slain by a rat (3 damage)
             ... on level 3 of the Dungeon.
             The game lasted 00:16:23 (929 turns).

Azuregosa the Vexing (Meteoran Hexslinger)           Turns: 929, Time: 00:16:23

Health: 0/3        AC:  0    Str:  9    XL:     4   Next: 32%
Magic:  7/7        EV: 13    Int: 14    God:
Gold:   136        SH:  5    Dex: 19    Spells: 3/5 levels left

rFire   . . .        a - +1 sling
rCold   . . .        (no shield)
rNeg    . . .        c - melded +0 robe
rPois   .            (no helmet)
rElec   .            (no cloak)
rCorr   .            (no gloves)
SInv    .            (no boots)
Will    .....        v - amulet of reflection
Stlth   +            (no ring)
HPRegen 0.20/turn    (no ring)
MPRegen 0.10/turn

%: reflection
@: maw-form, glowing
A: devouring maw, reduced hp, sense surroundings 1, otherworldly, glowing,
explore regen
a: Begin Untransformation


You were on level 3 of the Dungeon.
You were a creature with a mouth for a stomach.
You visited 1 branch of the dungeon, and saw 3 of its levels.

You collected 136 gold pieces.

Inventory:

Hand Weapons
 a - a +1 sling (weapon)
 e - a +0 hand axe
Missiles
 m - 11 stones
Armour
 c - a +0 robe (melded)
 d - a +0 scale mail
 f - a +0 scale mail
 i - a +0 robe
Magical Staves
 k - a staff of air
Jewellery
 v - an amulet of reflection (around neck)
Talismans
 u - a maw talisman (active)
Scrolls
 b - a scroll of poison
 h - a scroll of vulnerability {unknown}
 n - a scroll of fear {unknown}
 p - 2 scrolls of immolation {unknown}
 q - a scroll of amnesia {unknown}
 r - 2 scrolls of enchant weapon {unknown}
 s - a scroll of noise {unknown}
 t - a scroll of identify {unknown}
Potions
 g - a potion of mutation {unknown}
 j - 2 potions of curing {unknown}
 l - a potion of resistance {unknown}
 o - a potion of magic {unknown}


   Skills:
 - Level 1.6 Fighting
 * Level 3.7 Ranged Weapons
 + Level 1.0 Armour
 + Level 2.2 Dodging
 + Level 1.3 Spellcasting
 - Level 3.9 Hexes
 - Level 1.2 Fire Magic


You had 3 spell levels left.
You knew the following spells:

 Your Spells              Type           Power      Damage    Failure   Level
a - Searing Ray           Conj           0%         2d4       36%         2

Your spell library contained the following spells:

 Spells                   Type           Power      Damage    Failure   Level
 Jinxbite                 Hex            22%        N/A       8%          2
 Sigil of Binding         Hex            11%        N/A       16%         3
 Magic Dart               Conj           0%         1d3       26%         1
 Inner Flame              Hex/Fire       8%         N/A       26%         3
 Cause Fear               Hex            5%         N/A       45%         4
 Dimensional Bullseye     Hex/Tloc       3%         N/A       75%         4
 Fulminant Prism          Conj/Hex       3%         3d5       75%         4


Dungeon Overview and Level Annotations

Branches:
Dungeon (3/15) Zot: 837

Altars:


Innate Abilities, Weirdness & Mutations

You are a creature with a mouth for a stomach.
Your midsection houses a second, enormous mouth.
Your maximum health is decreased, since you lack skill for your form.
You passively map a small area around you.
You are easily found by Zot.
You glow in the dark.
You regain HP and MP as you explore.


Message History

Aim: a ball python (57% to hit)
You shoot a sling bullet.
The sling bullet barely misses the ball python.
Fire: a) +1 sling
Press: ? - help, Q - select action, (/) - cycle Shift-Dir - straight line, f/p - ball python
Aim: a ball python (57% to hit)
You shoot a sling bullet. The sling bullet hits the ball python.
You kill the ball python!
m - 11 stones (gained 5)
You now have 111 gold pieces (gained 8).
A bat comes into view.
Found 12 gold pieces.
The bat barely misses you.
You shoot a sling bullet. The sling bullet hits the bat!
You kill the bat!
You now have 123 gold pieces (gained 12).
Found a stone staircase leading down.
You now have 136 gold pieces (gained 13).
There is a stone staircase leading down here.
You climb downwards.
Found a large lapis lazuli amulet.
There is a stone staircase leading up here.
v - an amulet of reflection You start putting on your amulet.
You continue putting on your amulet of reflection. x5
You finish putting on your amulet of reflection.
You feel a shielding aura gather around you.
v - an amulet of reflection (around neck)
Found a stone staircase leading up.
A rat comes into view.
There is a stone staircase leading up here.
The rat barely misses you.
You shoot a sling bullet.
The sling bullet closely misses the rat.
You block the rat's attack. x2
You shoot a sling bullet. The sling bullet hits the rat.
The rat is severely wounded.
The rat bites you.
Ouch! That really hurt!
You die...

** ### ,
#<#####.# * *
#####..Wr...# , ,
.........#####
###########.#
#.......#.#.#
#.........#.# *
#.........#.#
#.........#.#
*,#...........#
,#######...######
*


You could see a rat.

Vanquished Creatures
  3 adders (D:2)
  2 dart slugs (D:1)
  3 ball pythons
  2 bats
  An endoplasm (D:1)
  2 giant cockroaches (D:1)
  4 jackals (D:1)
  A quokka (D:1)
  2 frilled lizards
  A kobold (D:1)
  A rat (D:1)
22 creatures vanquished.

Notes
Turn   | Place    | Note
-------+----------+-------------------------------------------
     0 | D:1      | Azuregosa the Meteoran Hexslinger began the quest for the
                  | Orb.
     0 | D:1      | Reached XP level 1. HP: 16/16 MP: 3/3
   136 | D:1      | Reached XP level 2. HP: 23/23 MP: 5/5
   228 | D:1      | Found a faded altar of an unknown god.
   295 | D:1      | Reached XP level 3. HP: 24/28 MP: 6/6
   373 | D:1      | Learned a level 2 spell: Searing Ray
   375 | D:1      | You fall into a shaft and drop 1 floor!
   556 | D:1      | Reached XP level 4. HP: 36/36 MP: 7/7
   702 | D:2      | Reached skill level 1 in Armour
   929 | D:3      | Slain by a rat

Illustrated notes

Levels and vault maps discovered:
D:1:      tarquinn_simple_flora_water_a, layout_rooms,
          shapermc_ecumenical_altar_notcrosses, grunt_decor_clamped
D:2:      layout_loops_corners
D:3:      layout_basic, minivault_27, uniq_natasha

Skill      XL: |  1  2  3  4 |
---------------+-------------+-----
Ranged Weapons | 3 |  3.7
Armour         | 1 |  1.0
Fighting       | |  1.6
Dodging        | |  2.2
Spellcasting   | |  1.3
Hexes          | |  3.9
Fire Magic     | |  1.2

Action                     |  1- 3 |  4- 6 || total
---------------------------+-------+-------++-------
   Fire: Sling             |    59 |    11 ||    70
   Cast: Searing Ray       |     1 |       ||     1
 Armour: Scale mail        |    38 |       ||    38
         Robe              |     2 |     1 ||     3
         Skin              |       |     1 ||     1
  Dodge: Dodged            |    26 |     6 ||    32
  Block: Other             |       |     2 ||     2
   Form: Maw               |       |     1 ||     1

Table legend: (Time is in decaauts)
 A = Elapsed time spent in this place.
 B = Non-inter-level travel time spent in this place.
 C = Inter-level travel time spent in this place.
 D = Time resting spent in this place.
 E = Time spent auto-exploring this place.
 F = Levels seen in this place.
 G = Mean time per level.
                   A        B        C        D        E       F      G
               +--------+--------+--------+--------+--------+-----+--------+
         Total |    961 |    934 |     27 |      0 |    513 |   3 |  320.3 |
       Dungeon |    961 |    934 |     27 |      0 |    513 |   3 |  320.3 |
               +--------+--------+--------+--------+--------+-----+--------+

Top non-repeatable levels by time:
     D:1: 619 daAuts
     D:2: 311 daAuts
     D:3: 30 daAuts
